 Dungeon Crawl Stone Soup version 0.30-a0-718-geaa24f58ff (webtiles) character file.

Game seed: 9174148894881916743

4378 Absynth the Spear-Bearer (level 10, -3/121 HPs)
             Began as a Demonspawn Berserker on Jan 26, 2023.
             Was an Elder of Trog.
             Succumbed to a spriggan's poison
             ... on level 9 of the Dungeon.
             The game lasted 00:19:42 (6161 turns).

Absynth the Spear-Bearer (Demonspawn Berserker)     Turns: 6161, Time: 00:19:42

Health: -3/121     AC: 18    Str: 21    XL:     10   Next: 13%
Magic:  10/10      EV: 13    Int:  9    God:    Trog [****..]
Gold:   601        SH:  0    Dex: 13    Spells: 9/9 levels left

rFire   + . .      SeeInvis .    A - +1 halberd (chaos)
rCold   + . .      Faith    .    (shield currently unavailable)
rNeg    . . .      Spirit   .    b - +1 ring mail of the World {rC+ Will+}
rPois   .          Reflect  .    s - +1 helmet
rElec   .          Harm     .    N - +0 cloak {Will+}
rCorr   .          Rampage  .    (gloves unavailable)
Will    ++...                    w - +1 pair of boots of Magic {Regen+} Stlth
                                 h - amulet of regeneration
HPRegen 2.00/turn                c - +4 ring of protection
MPRegen 0.12/turn                y - ring of protection from fire

@: mighty, berserking (expiring), lethally poisoned (-3 -> -15), very quick
A: rugged brown scales 1, foul stench 1, powered by pain 1, demonic touch 3
a: Renounce Religion, Berserk, Trog's Hand, Brothers in Arms


You were on level 9 of the Dungeon.
You worshipped Trog.
Trog was greatly pleased with you.
You visited 1 branch of the dungeon, and saw 9 of its levels.

You collected 601 gold pieces.

Inventory:

Hand Weapons
 a - a +0 spear
 A - a +1 halberd of chaos (weapon)
 B - a +0 dire flail
Missiles
 o - 22 poisoned darts (quivered)
Armour
 b - the +1 ring mail of the World (worn) {rC+ Will+}
   (You found it on level 2 of the Dungeon)

   rC:        It protects you from cold.
   Will:      It increases your willpower.
 g - a +0 pair of gloves
 s - a +1 helmet (worn)
 w - the +1 pair of boots of Magic (worn) {Regen+}
   (You found it on level 5 of the Dungeon)

   Regen:     It increases your rate of health regeneration.
 J - a +0 cloak
 N - a +0 cloak of willpower (worn)
Jewellery
 c - a +4 ring of protection (left hand)
 f - an amulet of the acrobat
 h - an amulet of regeneration (around neck)
 y - a ring of protection from fire (right hand)
 F - a ring of ice
 H - an amulet of reflection
Wands
 z - a wand of charming (12)
 D - a wand of iceblast (23)
 M - a wand of flame (1)
Scrolls
 d - 5 scrolls of teleportation
 e - 4 scrolls of fog
 l - a scroll of silence {unknown}
 n - 2 scrolls of enchant armour
 p - a scroll of amnesia
 C - 2 scrolls of identify {unknown}
 E - 3 scrolls of immolation {unknown}
 G - 2 scrolls of vulnerability {unknown}
 I - a scroll of noise {unknown}
 L - a scroll of enchant weapon
Potions
 i - 3 potions of brilliance {unknown}
 j - 5 potions of magic {unknown}
 k - 2 potions of mutation {unknown}
 m - 2 potions of degeneration {unknown}
 q - 8 potions of curing {unknown}
 r - 3 potions of berserk rage {unknown}
 t - 5 potions of attraction {unknown}
 u - a potion of haste {unknown}
 v - 2 potions of cancellation {unknown}
 x - a potion of heal wounds {unknown}


   Skills:
 + Level 7.3 Fighting
 * Level 9.1 Polearms
 + Level 6.3 Armour
 + Level 6.2 Dodging


You had 9 spell levels left.
You didn't know any spells.
Your spell library was empty.

Dungeon Overview and Level Annotations

Branches:
Dungeon (9/15)             Temple (0/1) D:7
   Lair: D:8-11         Orc: D:9-12

Altars:
Ashenzari
Cheibriados
Gozag
Hepliaklqana
Kikubaaqudgha
Nemelex Xobeh
Qazlal
Ru
Trog
Uskayaw
Vehumet

Shops:
D:1 =   D:8 *

Annotations:
D:8 1 transporter
D:9 Stoves66's ghost, journeyman DjFE


Innate Abilities, Weirdness & Mutations

You are partially covered in rugged brown scales. (AC +1, +3% HP)
You may rarely emit foul miasma when damaged in melee.
You sometimes gain a little power by taking damage.
Your touch may irresistibly damage your foes and sap their willpower.


Message History

You are covered in liquid flames!
* * * LOW HITPOINT WARNING * * *
You feel extremely sick.
The spriggan hits you but does no damage.
The spriggan hits you from afar with the +4 spear "Weuplor" {venom, Fragile rPois Int+2 Dex+3}.
* * * LOW HITPOINT WARNING * * *
You are more poisoned.
You barely miss Stoves66's ghost.
Stoves66's ghost is heavily damaged.
You are covered in liquid flames!
* * * LOW HITPOINT WARNING * * *
x2 You feel extremely sick.
Stoves66's ghost barely misses you. The spriggan completely misses you.
The spriggan misses you.
You barely miss Stoves66's ghost.
Stoves66's ghost is heavily damaged.
You are covered in liquid flames!
* * * LOW HITPOINT WARNING * * *
You feel very sick.
Stoves66's ghost hits you but does no damage.
The spriggan barely misses you.
The spriggan hits you but does no damage.
You are lethally poisoned!
You slash Stoves66's ghost!
Stoves66's ghost is heavily damaged.
You are covered in liquid flames!
* * * LOW HITPOINT WARNING * * *
x2 You feel very sick.
Stoves66's ghost hits you.
* * * LOW HITPOINT WARNING * * *
You barely miss Stoves66's ghost.
Stoves66's ghost is heavily damaged.
You are covered in liquid flames!
You are no longer on fire.
* * * LOW HITPOINT WARNING * * *
You feel very sick.
The spriggan hits you but does no damage. x2
You closely miss Stoves66's ghost.
Stoves66's ghost is heavily damaged.
You die...

###.######### #.#.#
####.# ..#.........#
♣♣♣ ♣♣###.######.#
#.###########♣♣♣.. .
#.......... #.#
♣...♣♣. #..........
#.#
♣.♣.!)♣♣♣########...
#.# ♣♣.♣.♣h..♣♣ ##.#
#.# ♣.♣..♣i♣..♣
####.# #.#
♣$###W###.♣ #.....
#.# ##⌠@..⌠## #.##.#
#.# #.......# #.##.#
..# ####i..##
####.##.# #.# ###.#
##.##.##.# #.# #.#
##.#.#.##.# #.######
#.# #.###.....#
#......# #.#
##.#.#..### ..####.#
#.# ##.##..... ..#
#.# #.### #.###.###


You could see a polar bear, 2 spriggans and Stoves66's ghost (agile).

Vanquished Creatures
  Maurice (D:9)
  Maggie (D:9)
  Prince Ribbit (D:8)
  Grum (D:9)
  2 water moccasins
  2 orc warriors (D:9)
  A sky beast (D:7)
  3 ogres
  3 wolves (D:9)
  2 centaurs
  4 phantoms
  A kobold brigand (D:9)
  3 bullfrogs
  4 necrophages
  3 scorpions
  4 wights (D:7)
  4 killer bees (D:8)
  3 howler monkeys (D:8)
  4 hounds
  2 jellies
  3 gnoll boudas
  4 orc priests
  3 iguanas
  2 orc wizards
  8 adders
  13 gnolls
  4 worms
  20 orcs
  5 ball pythons
  6 endoplasms
  5 giant cockroaches
  5 goblins
  3 hobgoblins
  4 jackals (D:1)
  12 kobolds
  3 quokkas
  7 bats
  7 frilled lizards
  4 rats
167 creatures vanquished.

Vanquished Creatures (others)
  5 plants (D:9)
5 creatures vanquished.

Grand Total: 172 creatures vanquished

Notes
Turn   | Place    | Note
-------+----------+-------------------------------------------
     0 | D:1      | Absynth the Demonspawn Berserker began the quest for the
                  | Orb.
     0 | D:1      | Reached XP level 1. HP: 18/18 MP: 1/1
    88 | D:1      | Gained mutation: You are partially covered in rugged brown
                  | scales. (AC +1, +3% HP) [demonic ancestry]
    88 | D:1      | Reached XP level 2. HP: 18/24 MP: 2/2
   134 | D:1      | Reached skill level 3 in Polearms
   233 | D:1      | Found Anusynal's Jewellery Shoppe.
   529 | D:1      | Reached ** piety under Trog
   541 | D:1      | Reached XP level 3. HP: 29/29 MP: 3/3
   970 | D:2      | Found a faded altar of an unknown god.
   970 | D:2      | Identified the +1 leather armour "Rahiusaph" {Will+ Str+2}
  1114 | D:2      | Identified the +1 ring mail of the World {rC+ Will+}
  1181 | D:2      | Gained mutation: Your touch may inflict minor irresistible
                  | damage on your foes. [demonic ancestry]
  1181 | D:2      | Reached XP level 4. HP: 36/36 MP: 4/4
  1650 | D:3      | Reached *** piety under Trog
  2014 | D:3      | Reached skill level 4 in Polearms
  2014 | D:3      | Gained mutation: Your touch may inflict irresistible damage
                  | on your foes. [demonic ancestry]
  2014 | D:3      | Reached XP level 5. HP: 33/43 MP: 5/5
  2107 | D:4      | Noticed a phantom
  2132 | D:4      | Killed a phantom
  2133 | D:4      | Gained mutation: You sometimes gain a little power by
                  | taking damage. [demonic ancestry]
  2133 | D:4      | Reached XP level 6. HP: 49/49 MP: 6/6
  2403 | D:5      | Entered Level 5 of the Dungeon
  2478 | D:5      | Identified the +1 pair of boots of Magic {Regen+}
  2507 | D:5      | Reached skill level 5 in Polearms
  2507 | D:5      | Reached XP level 7. HP: 56/56 MP: 7/7
  2732 | D:5      | Found a hazy altar of Hepliaklqana.
  2969 | D:5      | Found a sparkling altar of Nemelex Xobeh.
  3231 | D:6      | Found an opulent altar of Gozag.
  3290 | D:6      | Reached skill level 5 in Fighting
  3290 | D:6      | Reached skill level 6 in Polearms
  3311 | D:6      | Found a stormy altar of Qazlal.
  3312 | D:6      | Noticed an air elemental
  3318 | D:6      | Noticed a water elemental
  3318 | D:6      | Noticed a fire elemental
  3358 | D:6      | Reached **** piety under Trog
  3359 | D:6      | Gained mutation: You may rarely emit foul miasma when
                  | damaged in melee. [demonic ancestry]
  3359 | D:6      | Reached XP level 8. HP: 63/63 MP: 8/8
  3702 | D:6      | Found a snail-covered altar of Cheibriados.
  3898 | D:6      | Found a hide-covered altar of Uskayaw.
  3898 | D:6      | Found a bloodstained altar of Trog.
  3906 | D:6      | Found a faded altar of an unknown god.
  3908 | D:6      | Found a faded altar of an unknown god.
  3910 | D:6      | Found an ancient bone altar of Kikubaaqudgha.
  4118 | D:7      | Reached skill level 7 in Polearms
  4154 | D:7      | Found a staircase to the Ecumenical Temple.
  4248 | D:7      | Reached skill level 5 in Armour
  4341 | D:7      | Found a broken altar of Ashenzari.
  4444 | D:7      | Found a radiant altar of Vehumet.
  4497 | D:7      | Reached skill level 5 in Dodging
  4497 | D:7      | Reached XP level 9. HP: 68/71 MP: 9/9
  4745 | D:8      | Noticed Prince Ribbit
  4758 | D:8      | Killed Prince Ribbit
  4777 | D:8      | Reached skill level 8 in Polearms
  4805 | D:8      | Found a transporter.
  4945 | D:8      | Found Zuyr Mith's Assorted Antiques.
  5033 | D:8      | Found a sacrificial altar of Ru.
  5208 | D:9      | Noticed Maggie
  5215 | D:9      | Killed Maggie
  5497 | D:9      | Noticed Grum
  5503 | D:9      | Killed Grum
  5606 | D:9      | Noticed Maurice
  5636 | D:9      | Killed Maurice
  5637 | D:9      | Reached skill level 9 in Polearms
  5637 | D:9      | Gained mutation: Your touch may irresistibly damage your
                  | foes and sap their willpower. [demonic ancestry]
  5637 | D:9      | Reached XP level 10. HP: 75/81 MP: 10/10
  5986 | D:9      | Found a runed translucent door.
  5988 | D:9      | Noticed Stoves66's ghost (journeyman DjFE)
  5988 | D:9      | Identified the +4 spear "Weuplor" {venom, Fragile rPois
                  | Int+2 Dex+3}
  6159 | D:9      | HP: 4/121 [Stoves66's ghost (3)]
  6160 | D:9      | HP: 1/121 [poisoned by a spriggan]
  6161 | D:9      | Succumbed to a spriggan's poison

Illustrated notes

Levels and vault maps discovered:
D:1:      scummos_arrival_gate, layout_basic, serial_shops, shop
D:2:      layout_basic, shapermc_ecumenical_altar_starsandcircs
D:3:      layout_rooms
D:4:      layout_rooms
D:5:      nicolae_cairo_tiling_very_big, layout_basic,
          nemelex_xobeh_ov_fountains_minmay, worldfamousw_hep_ancestral_shrine,
          hangedman_abyss_or_decor_stagger
D:6:      layout_basic, chequers_temple_overflow_minitemple,
          mainiacjoe_overflow_tiny_flanked, mainiacjoe_overflow_brackets,
          nicolae_qazlal_style_of_elements, lemuel_flamethrower_1
D:7:      layout_rooms, nicolae_overflow_hidden_temple,
          cheibrodos_ashenzari_chains, temple_pool_b, minmay_misc_feat_ornament,
          kennysheep_generic_room_6
D:8:      layout_rooms, nicolae_ru_the_path_less_chosen, serial_shops, shop,
          nicolae_diode_basic, uniq_prince_ribbit1
D:9:      layout_loops_ring, ebering_ghost_funeral_grove, uniq_grum,
          uniq_maurice, uniq_maggie

Skill      XL: |  1  2  3  4  5  6  7  8  9 |
---------------+----------------------------+-----
Polearms       | 3 4 5 6 7 9 |  9.1
Armour         | 2 3 4 5 6 |  6.3
Dodging        | 2 3 4 5 6 |  6.2
Fighting       | 4 5 6 7 |  7.3

Action                     |  1- 3 |  4- 6 |  7- 9 | 10-12 || total
---------------------------+-------+-------+-------+-------++-------
  Melee: Spear             |   196 |   162 |   158 |       ||   516
         Punch             |     1 |       |     3 |       ||     4
         Touch             |       |    23 |    36 |       ||    59
         Halberd           |       |       |   204 |    45 ||   249
 Invoke: Berserk           |       |       |     3 |     1 ||     4
    Use: Scroll            |       |       |     6 |       ||     6
         Potion            |       |       |       |     1 ||     1
   Stab: Petrifying        |       |       |     1 |       ||     1
         Petrified         |       |       |     1 |       ||     1
         Paralysed         |       |       |     1 |     1 ||     2
 Armour: Ring mail         |    47 |    59 |   137 |    20 ||   263
         Leather armour    |     7 |       |       |       ||     7
  Dodge: Dodged            |    96 |    64 |   167 |    19 ||   346

Table legend: (Time is in decaauts)
 A = Elapsed time spent in this place.
 B = Non-inter-level travel time spent in this place.
 C = Inter-level travel time spent in this place.
 D = Time resting spent in this place.
 E = Time spent auto-exploring this place.
 F = Levels seen in this place.
 G = Mean time per level.
                   A        B        C        D        E       F      G
               +--------+--------+--------+--------+--------+-----+--------+
         Total |   6156 |   5966 |    190 |    202 |   4273 |   9 |  684.0 |
       Dungeon |   6156 |   5966 |    190 |    202 |   4273 |   9 |  684.0 |
               +--------+--------+--------+--------+--------+-----+--------+

Top non-repeatable levels by time:
     D:9: 977 daAuts
     D:1: 840 daAuts
     D:5: 834 daAuts
     D:6: 780 daAuts
     D:2: 669 daAuts
     D:7: 663 daAuts
     D:8: 524 daAuts
     D:3: 446 daAuts
     D:4: 421 daAuts
